 Dungeon Crawl Stone Soup version 0.24.0-123-gd5b16e6ec5 (webtiles) character file.

Game seed: 4113670099997531989, levelgen mode: deterministic

182 4FPSwarrior the Gusty (level 5, -16/37 HPs)
             Began as an Octopode Wanderer on Dec 30, 2019.
             Was an Initiate of Ru.
             Demolished by an ogre
             ... wielding a cursed +0 giant spiked club
              (26 damage)
             ... on level 3 of the Dungeon.
             The game lasted 00:10:12 (2955 turns).

4FPSwarrior the Gusty (Octopode Wanderer)           Turns: 2955, Time: 00:10:13

Health: -16/37     AC:  1    Str: 15    XL:     5   Next: 62%
Magic:  7/8        EV: 12    Int: 16    God:    Ru [......]
Gold:   86         SH:  0    Dex:  7    Spells: 3/8 levels left

rFire    . . .     SeeInvis .   a - +0 spear
rCold    . . .     Gourm    .   (no shield)
rNeg     . . .     Faith    .   (helmet restricted)
rPois    .         Spirit   .   (no amulet)
rElec    .         Reflect  .   (no ring)
rCorr    .         Harm     .   (no ring)
MR       .....                  (no ring)
Stlth    ++........             (no ring)
HPRegen  0.12/turn              (no ring)
MPRegen  0.11/turn              (no ring)
                                (no ring)
                                (no ring)

@: no status effects
A: almost no armour, stealthy swim, amphibious, 8 rings, constrict 8, camouflage
1, gelatinous body 1
a: Renounce Religion


You were on level 3 of the Dungeon.
You worshipped Ru.
Ru was noncommittal.
You were not hungry.

You visited 1 branch of the dungeon, and saw 3 of its levels.

You collected 86 gold pieces.

Inventory:

Hand Weapons
 a - a +0 spear (weapon)
 t - a cursed -2 falchion
Missiles
 b - 58 stones (quivered)
 s - 4 boomerangs
Jewellery
 c - an uncursed amulet of harm {unknown}
 r - a cursed -3 ring of strength {unknown}
Wands
 p - a wand of clouds (6)
Scrolls
 e - a scroll of blinking
 i - a scroll of immolation {unknown}
 j - 9 scrolls of identify {unknown}
 m - 3 scrolls of remove curse {unknown}
 o - 2 scrolls of amnesia {unknown}
Potions
 f - a potion of invisibility {unknown}
 g - 2 potions of degeneration {unknown}
 h - 2 potions of haste {unknown}
 k - a potion of brilliance {unknown}
 l - a potion of berserk rage {unknown}
 n - 2 potions of curing {unknown}
Comestibles
 d - 3 rations
 q - 2 chunks of flesh


   Skills:
 + Level 3.8 Fighting
   Level 1.0 Shields
 + Level 2.3 Spellcasting
 + Level 2.1 Conjurations
 + Level 1.6 Charms
 + Level 4.7 Air Magic
 - Level 1.1 Evocations


You had 3 spell levels left.
You knew the following spells:

 Your Spells              Type           Power        Failure   Level  Hunger
a - Shock                 Conj/Air       ##..         4%          1    #......
b - Swiftness             Chrm/Air       ##......     9%          2    ###....
c - Song of Slaying       Chrm           #.......     16%         2    ###....

Your spell library contained the following spells:

 Spells                   Type           Power        Failure   Level  Hunger
 Static Discharge         Conj/Air       ##......     14%         3    ###....
 Shroud of Golubria       Chrm/Tloc      #.....       22%         2    ###....
 Airstrike                Air            ###.......   28%         4    #####..
 Lightning Bolt           Conj/Air       ##........   80%         5    ######.


Dungeon Overview and Level Annotations

Branches:
Dungeon (3/15)

Altars:
Ashenzari
Ru
Uskayaw
Vehumet
Wu Jian


Innate Abilities, Weirdness & Mutations

You cannot wear most types of armour.
You are very stealthy in the water. (Stealth+)
You are amphibious.
You can wear up to eight rings at the same time.
You can use your tentacles to constrict eight enemies at once.
Your skin changes colour to match your surroundings (Stealth+).
Your rubbery body absorbs attacks. (AC +1, EV +1)


Message History

You hit the ogre.
The ogre is severely wounded.
The ogre hits you with a cursed +0 giant spiked club!
You barely miss the ogre. Your squeeze misses the ogre.
The ogre is severely wounded.
You hit the ogre but do no damage.
The ogre is severely wounded.
The ogre closely misses you.
You hit the ogre but do no damage.
The ogre is severely wounded.
The ogre hits you with a cursed +0 giant spiked club!!
Ouch! That really hurt!
* * * LOW HITPOINT WARNING * * *
Your song is almost over.
Your song has ended.
Your magical contamination has completely faded away.
Okay, then.
The ogre hits you with a cursed +0 giant spiked club!!
Ouch! That really hurt!
You die...

..# #.###.###(# #.### ###
#.# #.# #.#### ##...## #
#.###.###.# #....# #.....# .
..........######.# #...>.#
## #####.#..........#
#.....# .# #.#.########.#
##...## .# #.#.# #.# ##.##
.# #.#.########.# #.#
.########(#.....@O...#####.#
...........................#
###########.########.#######
#.########.# #..........#
############


You could see an ogre.

Vanquished Creatures
  An iguana (D:3)
  Jessica (D:2)
  6 adders
  3 oozes
  2 worms (D:3)
  2 orcs (D:3)
  7 bats
  3 goblins
  6 hobgoblins
  7 jackals
  A quokka (D:3)
  4 frilled lizards
  4 kobolds
  11 rats
58 creatures vanquished.

Notes
Turn   | Place    | Note
-------+----------+-------------------------------------------
     0 | D:1      | 4FPSwarrior the Octopode Wanderer began the quest for the
                  | Orb.
     0 | D:1      | 4FPSwarrior set off with the following items: a +0 spear, a
                  | ration; and the following spell memorised: Shock; and the
                  | following spells available to memorise: Swiftness, Static
                  | Discharge, Shroud of Golubria, Song of Slaying, Airstrike,
                  | Lightning Bolt
     0 | D:1      | Reached XP level 1. HP: 16/16 MP: 2/2
   401 | D:1      | Reached XP level 2. HP: 21/21 MP: 3/3
   552 | D:1      | Reached skill level 1 in Conjurations
   710 | D:1      | Reached XP level 3. HP: 26/26 MP: 5/5
   941 | D:2      | Learned a level 2 spell: Swiftness
  1289 | D:2      | Noticed Jessica
  1308 | D:2      | Killed Jessica
  1308 | D:2      | Reached XP level 4. HP: 31/31 MP: 1/6
  1609 | D:2      | Found a sacrificial altar of Ru.
  1640 | D:2      | Reached skill level 1 in Charms
  1665 | D:2      | Became a worshipper of Ru the Awakened
  2053 | D:3      | Reached XP level 5. HP: 36/36 MP: 8/8
  2127 | D:3      | Found an ornate altar of the Wu Jian Council.
  2203 | D:3      | Found a shattered altar of Ashenzari.
  2305 | D:3      | Learned a level 2 spell: Song of Slaying
  2318 | D:3      | Noticed an ogre
  2751 | D:3      | Found a hide-covered altar of Uskayaw.
  2751 | D:3      | Found a radiant altar of Vehumet.
  2955 | D:3      | Demolished by an ogre

Levels and vault maps discovered:
D:1:      minmay_arrival_four_houses, layout_rooms
D:2:      layout_loops_ring, minmay_misc_feat_tiny, nicolae_ru_awakened_eye,
          uniq_jessica
D:3:      layout_loops_ring, cheibrodos_ashenzari_chains, lemuel_crystal_altar,
          gammafunk_temple_overflow_wave

Skill      XL: |  1  2  3  4  5 |
---------------+----------------+-----
Conjurations   | 1 2 |  2.1
Spellcasting   | 2 |  2.3
Charms         | 1 |  1.6
Fighting       | |  3.8
Shields        | |  1.0
Air Magic      | |  4.7
Evocations     | |  1.1

Action                   |  1- 3 |  4- 6 || total
-------------------------+-------+-------++-------
Melee: Spear             |    71 |    30 ||   101
       Constrict         |    16 |     7 ||    23
       Tentacles         |     6 |     3 ||     9
Throw: Stone             |     1 |       ||     1
 Cast: Shock             |    17 |    63 ||    80
       Song of Slaying   |       |     1 ||     1
  Use: Scroll            |     1 |       ||     1
 Stab: Sleeping          |     2 |     1 ||     3
  Eat: Chunk             |     1 |     7 ||     8
Armor: Skin              |     4 |     3 ||     7
Dodge: Dodged            |    40 |    22 ||    62
